 Dungeon Crawl Stone Soup version 0.32-a0-42-ga30500b4d3 (webtiles) character file.

Game seed: 10835247126428774217

22 iamserjio the Firebug (level 2, -4/15 HPs)
             Began as a Tengu Fire Elementalist on Feb 2, 2024.
             Killed from afar by Sigmund (8 damage)
             ... with a magic dart
             ... on level 3 of the Dungeon.
             The game lasted 00:01:57 (383 turns).

iamserjio the Firebug (Tengu Fire Elementalist)      Turns: 383, Time: 00:01:58

Health: -4/15      AC:  2    Str:  8    XL:     2   Next: 91%
Magic:  0/6        EV: 27    Int: 15    God:
Gold:   50         SH:  0    Dex: 14    Spells: 4/5 levels left

rFire   . . .        h - +0 dagger
rCold   . . .        (no shield)
rNeg    . . .        a - +0 robe
rPois   .            (helmet restricted)
rElec   .            (no cloak)
rCorr   .            (no gloves)
SInv    .            (boots unavailable)
Will    .....        (no amulet)
Stlth   ++           d - ring of flight
HPRegen 0.22/turn    (no ring)
MPRegen 0.10/turn

%: acrobat
@: acrobatic, flying
A: beak, talons 3, acrobatic
a: no special abilities


You were on level 3 of the Dungeon.
You visited 1 branch of the dungeon, and saw 3 of its levels.

You collected 50 gold pieces.

Inventory:

Hand Weapons
 h - a +0 dagger (weapon)
Missiles
 f - 3 poisoned darts
Armour
 a - a +0 robe (worn)
Jewellery
 d - a ring of flight (left hand)
Scrolls
 c - 4 scrolls of teleportation {unknown}
 e - a scroll of noise {unknown}
Potions
 b - a potion of magic
 g - a potion of might {unknown}
 i - a potion of degeneration {unknown}
 j - 2 potions of brilliance {unknown}
 k - a potion of haste {unknown}


   Skills:
 - Level 2.1 Dodging
 - Level 2.0 Stealth
 + Level 2.2 Spellcasting
 + Level 2.1 Conjurations
 * Level 3.9 Fire Magic


You had 4 spell levels left.
You knew the following spells:

 Your Spells              Type           Power      Damage    Failure   Level
a - Foxfire               Conj/Fire      40%        2x1d6     6%          1

Your spell library contained the following spells:

 Spells                   Type           Power      Damage    Failure   Level
 Scorch                   Fire           26%        2d6       6%          2
 Inner Flame              Hex/Fire       7%         N/A       28%         3
 Volatile Blastmotes      Fire/Tloc      14%        2d11      28%         3
 Flame Wave               Conj/Fire      10%        2d6       52%         4


Dungeon Overview and Level Annotations

Branches:
Dungeon (3/15) Zot: 17617

Altars:

Shops:
D:3 :

Annotations:
D:3 Sigmund


Innate Abilities, Weirdness & Mutations

You have a beak for a mouth.
You have claws for feet.
You can magically evade attacks while moving or waiting.


Message History

Press: ? - help, Q - select action, (/) - cycle Dir - look around, f - activate You conjure some foxfire!
The foxfire hits the kobold.
The foxfire hits the kobold but does no damage.
You hit the kobold but do no damage. The kobold hits you but does no damage.
Casting: Foxfire (safe; 6% risk of failure)
Press: ? - help, Q - select action, (/) - cycle Dir - look around, f - activate You conjure some foxfire!
The kobold hits you with a +0 whip.
You closely miss the kobold. Your kick misses the kobold.
The foxfire hits the kobold.
You kill the kobold!
Found 17 gold pieces.
Found Veynet's Vocational Training.
You now have 33 gold pieces (gained 11).
Found a scroll labelled XUNGEO KINLO.
There is a fountain of clear blue water here.
You now have 50 gold pieces (gained 17).
Sigmund the Dreaded comes into view.
He is wielding a +0 scythe and wearing a +1 robe of positive energy.
Sigmund shouts!
Casting: Foxfire (safe; 6% risk of failure)
Press: ? - help, Q - select action, (/) - cycle Dir - look around, f - activate You conjure some foxfire!
Sigmund casts a spell at you. The magic dart hits you!
Ouch! That really hurt!
* * * LOW HITPOINT WARNING * * *
Casting: Foxfire (safe; 6% risk of failure)
Press: ? - help, Q - select action, (/) - cycle Dir - look around, f - activate You conjure some foxfire!
Sigmund gestures wildly while chanting.
Sigmund flickers and vanishes!
Deactivating autopickup; reactivate with Ctrl-A.
The foxfire hits something.
The foxfire hits something but does no damage.
The foxfire hits something but does no damage.
The foxfire hits something.
A magic dart appears from out of thin air!
The magic dart hits you!
Ouch! That really hurt!
You die...

......>##.§.##### 8
#...#......##.### # ##.
#...# #:........# # ....
#...####.#......## #
....##................####
..?.......###...#.......##
..{.......#..)..####.††...
#...⌠...§.#...........###.
#..§..∩..@#...#.#####.....
#...§..§⌠.....#.# #####.
#.............#.# #.
#....###......### #. #....
######## #. #### ##


There were no monsters in sight!

Vanquished Creatures
  An orc (D:3)
  A goblin (D:3)
  3 hobgoblins
  4 jackals (D:3)
  2 kobolds
  A quokka (D:1)
  3 ball pythons (D:1)
  A bat (D:1)
  2 frilled lizards (D:1)
  A rat (D:1)
19 creatures vanquished.

Vanquished Creatures (others)
  41 foxfires
41 creatures vanquished.

Grand Total: 60 creatures vanquished

Notes
Turn   | Place    | Note
-------+----------+-------------------------------------------
     0 | D:1      | iamserjio the Tengu Fire Elementalist began the quest for
                  | the Orb.
     0 | D:1      | Reached XP level 1. HP: 10/10 MP: 4/4
   145 | D:1      | Reached XP level 2. HP: 12/15 MP: 4/6
   371 | D:3      | Found Veynet's Vocational Training.
   379 | D:3      | Noticed Sigmund
   383 | D:3      | Killed from afar by Sigmund

Illustrated notes

Levels and vault maps discovered:
D:1:      minmay_arrival_semitransparent, layout_basic
D:2:      minmay_diamond_boxcup, layout_loops_corners, serial_undead,
          serial_undead_d, serial_undead_b, serial_undead_b, serial_undead_b,
          serial_undead_c
D:3:      layout_rooms, shapermc_ecumenical_altar_mp_vishouse,
          nicolae_shop_vocational, uniq_sigmund, uniq_ijyb

Skill      XL: |  1  2 |
---------------+-------+-----
Conjurations   | 2 |  2.1
Dodging        | |  2.1
Stealth        | |  2.0
Spellcasting   | |  2.2
Fire Magic     | |  3.9

Action                     || total
---------------------------++-------
  Melee: Unarmed           ||     4
         Kick              ||     3
         Dagger            ||     6
         Peck              ||     1
   Cast: Foxfire           ||    27
 Armour: Robe              ||    15
  Dodge: Dodged            ||    17

Table legend: (Time is in decaauts)
 A = Elapsed time spent in this place.
 B = Non-inter-level travel time spent in this place.
 C = Inter-level travel time spent in this place.
 D = Time resting spent in this place.
 E = Time spent auto-exploring this place.
 F = Levels seen in this place.
 G = Mean time per level.
                   A        B        C        D        E       F      G
               +--------+--------+--------+--------+--------+-----+--------+
         Total |    381 |    381 |      0 |      0 |     37 |   3 |  127.0 |
       Dungeon |    381 |    381 |      0 |      0 |     37 |   3 |  127.0 |
               +--------+--------+--------+--------+--------+-----+--------+

Top non-repeatable levels by time:
     D:1: 220 daAuts
     D:3: 144 daAuts
     D:2: 17 daAuts
